 Dungeon Crawl Stone Soup version 0.23-a0-391-g8c51ad5 (webtiles) character file.

445 chorionicmirror the Chopper (level 6, -5/56 HPs)
             Began as a Minotaur Gladiator on Oct 30, 2018.
             Was a Follower of the Shining One.
             Slain by an ogre
             ... wielding a +0 giant club
              (25 damage)
             ... on level 4 of the Dungeon.
             The game lasted 00:11:47 (2983 turns).

chorionicmirror the Chopper (Minotaur Gladiator)    Turns: 2983, Time: 00:11:47

Health: -5/56      AC:  8    Str: 21    XL:     6   Next: 72%
Magic:  5/5        EV:  9    Int:  5    God:    the Shining One [*.....]
Gold:   187        SH:  0    Dex: 11    Spells: 5/5 levels left

rFire    . . .     SeeInvis .   a - +0 war axe
rCold    . . .     Gourm    .   (no shield)
rNeg     + . .     Faith    .   o - +0 chain mail
rPois    .         Spirit   .   c - +0 hat
rElec    .         Reflect  .   (no cloak)
rCorr    .         Harm     .   (no gloves)
MR       .....                  (no boots)
Stlth    ..........             j - amulet of the acrobat
HPRegen  0.18/turn              m - ring of positive energy
MPRegen  0.09/turn              (no ring)

@: glowing
A: retaliatory headbutt, horns 2
a: Renounce Religion


You were on level 4 of the Dungeon.
You worshipped the Shining One.
The Shining One was aware of your devotion.
You were not hungry.

You visited 1 branch of the dungeon, and saw 4 of its levels.

You collected 187 gold pieces.

Inventory:

Hand Weapons
 a - a +0 war axe (weapon)
Missiles
 d - 3 throwing nets (quivered)
Armour
 c - a +0 hat (worn)
 o - a +0 chain mail (worn)
Jewellery
 j - an amulet of the acrobat (around neck)
 m - a ring of positive energy (left hand)
Scrolls
 k - a scroll of blinking
 l - 2 scrolls of magic mapping
 n - a scroll of amnesia
Potions
 b - a potion of haste
 e - a potion of flight {unknown}
 h - a potion of brilliance
 i - a potion of heal wounds
Comestibles
 f - 9 rations
 g - a chunk of flesh


   Skills:
 - Level 5.0 Fighting
 * Level 7.4 Axes
 - Level 2.0 Throwing
 + Level 1.4 Armour
 - Level 4.0 Dodging


You had 5 spell levels left.
You didn't know any spells.
Your spell library was empty.

Dungeon Overview and Level Annotations

Branches:
Dungeon (4/15)
 Temple: D:4-7

Altars:
The Shining One


Innate Abilities, Weirdness & Mutations

You reflexively headbutt those who attack you in melee.
You have a pair of horns on your head.


Message History

Some of the chunks of flesh in your inventory have rotted away.
An ogre comes into view. It is wielding a +0 giant club.
The ogre shouts!
You hear a shout!
The ogre hits you with a +0 giant club!!
Found a murky dark potion.
You hit the ogre.
The ogre is moderately wounded.
The ogre barely misses you.
You hit the ogre.
The ogre is moderately wounded.
You hit the ogre. Your headbutt misses the ogre.
The ogre is moderately wounded.
The ogre hits you with a +0 giant club.
You hit the ogre. You headbutt the ogre!
The ogre is severely wounded.
The ogre hits you with a +0 giant club!
You slash the ogre!
The ogre is almost dead.
The ogre hits you with a +0 giant club!!
You die...

##..... ......
##.... ..... #....
##.....# ##..<#
#.......#####....#
##...........#.....
..####.....
#...........
!......O#..##
#......... #..@#...#
##.......#
##..##..####...##...
##.##...##..#####..
##..##..#.### ##.
#....#...## #.
#...#....## ##.
#...######...## #.#
.... #.###.# #.# ###
### ### ###


You could see an ogre.

Vanquished Creatures
  2 phantoms
  The ghost of Ratty the Skirmisher, a weakling DsFi (D:3)
  An orc wizard (D:4)
  A worker ant (D:4)
  Robin (D:3)
  5 adders
  An adder skeleton (D:4)
  2 worms
  3 dart slugs
  A leopard gecko (D:3)
  8 orcs
  9 giant cockroaches
  18 goblins
  15 hobgoblins
  10 jackals
  A ball python (D:1)
  9 bats
  3 frilled lizards (D:2)
  3 kobolds
  5 rats
99 creatures vanquished.

Notes
Turn   | Place    | Note
-------+----------+-------------------------------------------
     0 | D:1      | chorionicmirror the Minotaur Gladiator began the quest for
                  | the Orb.
     0 | D:1      | Reached XP level 1. HP: 18/18 MP: 0/0
    93 | D:1      | Reached skill level 4 in Axes
   109 | D:1      | Reached XP level 2. HP: 25/25 MP: 1/1
   394 | D:1      | Reached XP level 3. HP: 26/31 MP: 2/2
  1044 | D:2      | Reached XP level 4. HP: 38/38 MP: 3/3
  1162 | D:2      | Reached skill level 5 in Axes
  1682 | D:3      | Found a runed gate.
  1682 | D:3      | Found a runed gate.
  1682 | D:3      | Found a runed gate.
  1685 | D:3      | Noticed Ratty's ghost (weakling DsFi)
  1716 | D:3      | Killed Ratty's ghost
  1716 | D:3      | Reached XP level 5. HP: 12/46 MP: 4/4
  2004 | D:3      | Noticed a phantom
  2035 | D:3      | Killed a phantom
  2035 | D:3      | Reached skill level 6 in Axes
  2109 | D:3      | Found a faded altar of an unknown god.
  2115 | D:3      | Became a worshipper of the Shining One
  2115 | D:3      | Reached * piety under the Shining One
  2187 | D:3      | Noticed Robin
  2211 | D:3      | Killed Robin
  2211 | D:3      | Reached XP level 6. HP: 35/53 MP: 5/5
  2724 | D:4      | Reached skill level 7 in Axes
  2804 | D:4      | Reached skill level 5 in Fighting
  2804 | D:4      | Reached skill level 1 in Armour
  2983 | D:4      | Slain by an ogre

Vault maps used:
D:1:      dpeg_arrival_oval
D:2:      corexii_shack, mrwooster_statue_mirror
D:3:      gammafunk_ghost_split, chequers_ecumenical_altar_simple, uniq_robin
D:4:      cheibrodos_old_hovel, first_ration

Skill      XL: |  1  2  3  4  5  6 |
---------------+-------------------+-----
Axes           | 4 5 6 7 |  7.4
Fighting       | 3 4 5 |  5.0
Dodging        | 4 |  4.0
Armour         | 1 |  1.4
Throwing       | |  2.0

Action                   |  1- 3 |  4- 6 || total
-------------------------+-------+-------++-------
Melee: War axe           |    72 |   140 ||   212
       Headbutt          |     9 |    21 ||    30
  Use: Scroll            |     1 |     6 ||     7
       Potion            |       |     1 ||     1
  Eat: Chunk             |       |     7 ||     7
Armor: Leather armour    |    16 |       ||    16
       Ring mail         |     1 |    11 ||    12
       Chain mail        |       |    31 ||    31
Dodge: Dodged            |    58 |   101 ||   159

Table legend:
 A = Non-vault XP
 B = Vault XP
 C = Vault XP percentage of total XP
 D = Non-vault monster count
 E = Vault monster count
 F = Vault count percentage of total count
                 A         B        C        D         E       F
            +---------+---------+-------+---------+---------+-------
      Total |     520 |     117 |  18.4 |      82 |      17 |  17.2
            +---------+---------+-------+---------+---------+-------
        D:1 |      56 |       0 |   0.0 |      30 |       0 |   0.0
        D:2 |      73 |       2 |   2.7 |      22 |       1 |   4.3
        D:3 |     169 |     115 |  40.5 |      19 |      16 |  45.7
        D:4 |     222 |       0 |   0.0 |      11 |       0 |   0.0
            +---------+---------+-------+---------+---------+-------
